Map: Old Republic LE

Players

SameLameName - Winner!

  • Race: Zerg Zerg
  • League: Diamond
  • Spawn Location: 1:00

HoldTheDoor

  • Race: Protoss Protoss
  • League: Diamond
  • Spawn Location: 7:00

VOD

Have the link to the VOD?

Description

Time

  • Played on: May 1, 2026, 10:42 a.m.
  • Length: 12:00
Show
View Real Time Build Order
Export as new Build Order

SameLameName Zerg - Winner!

Build Orders: Pool First 

Get SALT Encoding   

  12  0:01  Drone  
  13  0:11  Drone  
  14  0:18  Extractor, Drone  
  14  0:19  Extractor  
  14  0:21  Drone  
  16  0:35  Spawning Pool  
  16  0:40  Extractor x2  
  16  0:42  Drone  
  14  0:49  Overlord  
  15  1:10  Hatchery  
  14  1:23  Queen  
  16  1:29  Drone  
  17  1:35  Drone  
  18  1:41  Drone  
  18  1:45  Drone  
  20  1:50  Extractor  
  19  1:56  Drone  
  20  2:06  Drone  
  21  2:13  Drone  
  22  2:23  Drone  
  22  2:24  Drone  
  24  2:31  Queen  
  24  2:37  Overlord  
  26  2:46  Drone x2  
  28  2:51  Lair  
  28  2:57  Drone x3  
  31  3:03  Drone x2  
  33  3:14  Queen  
  33  3:18  Drone  
  36  3:22  Overlord  
  36  3:32  Overlord  
  36  3:43  Drone  
  36  3:46  Drone x2  
  36  3:47  Drone x5  
  44  3:55  Extractor  
  44  3:56  Extractor  
  44  4:01  Spire  
  41  4:03  Drone x3  
  44  4:20  Drone x3  
  44  4:22  Drone x3  
  50  4:28  Overlord  
  50  4:32  Overlord  
  50  4:34  Overlord  
  50  4:52  Spore Crawler  
  49  4:55  Spore Crawler, Drone  
  49  4:57  Drone  
  49  4:59  Overlord  
  50  5:09  Mutalisk x3  
  50  5:10  Mutalisk x3  
  62  5:18  Mutalisk  
  62  5:19  Mutalisk x2  
  67  5:29  Mutalisk x2  
  67  5:30  Mutalisk  
  63  5:54  Mutalisk  
  40  6:14  Queen  
  40  6:15  Mutalisk  
  40  6:17  Drone x3  
  40  6:18  Drone  
  48  6:38  Hatchery  
  47  6:41  Drone x2  
  49  6:52  Drone  
  50  7:21  Mutalisk x2  
  52  7:31  Drone  
  52  7:33  Queen  
  55  7:41  Zerg Flyer Weapons Level 1  
  55  7:42  Drone  
  56  7:54  Mutalisk x2  
  60  8:01  Drone x2  
  60  8:03  Queen  
  64  8:09  Drone x3  
  67  8:26  Hatchery  
  66  8:37  Mutalisk x2  
  66  8:38  Mutalisk x3  
  76  8:51  Overlord x4  
  74  9:17  Mutalisk x3  
  74  9:20  Drone  
  74  9:21  Drone x8  
  89  10:02  Drone x2  
  89  10:03  Drone x9  
  89  10:04  Drone  
  101  10:07  Drone x2  
  101  10:08  Drone  
  101  10:11  Metabolic Boost  
  104  10:58  Extractor  
  104  10:59  Extractor  
  94  11:11  Zergling x4  
  94  11:12  Zergling x18  
  94  11:13  Zergling x4  
  105  11:35  Zergling x6  
  105  11:36  Zergling x12  
  105  11:38  Overlord x4  
Show
View Real Time Build Order
Export as new Build Order

HoldTheDoor Protoss 

Build Orders:  

Get SALT Encoding   

  12  0:00  Probe  
  13  0:12  Probe  
  14  0:22  Pylon  
  14  0:24  Probe  
  15  0:36  Probe  
  16  0:44  Probe  
  16  0:46  Gateway  
  17  0:54  Assimilator  
  17  0:55  Probe  
  18  1:07  Forge  
  18  1:10  Probe  
  19  1:22  Probe  
  20  1:34  Probe  
  20  1:35  Cybernetics Core  
  21  1:41  Photon Cannon  
  21  1:46  Probe  
  22  1:58  Probe  
  23  2:06  Warp Gate  
  23  2:08  Nexus  
  23  2:13  Pylon  
  23  2:28  Stalker  
  23  2:31  Probe  
  26  2:41  Robotics Facility  
  26  2:43  Probe  
  27  2:55  Stalker, Probe  
  28  3:03  Pylon  
  30  3:09  Probe  
  31  3:18  Warp Prism  
  31  3:22  Probe x2  
  35  3:36  Gateway  
  35  3:38  Gateway  
  35  3:41  Probe x2  
  37  3:49  Gateway  
  37  3:52  Gateway  
  37  3:59  Gateway  
  37  4:08  Gateway  
  37  4:10  Stalker  
  39  4:21  Pylon  
  39  4:24  Pylon  
  39  4:33  Gateway  
  39  4:37  Stalker x2  
  39  4:38  Stalker  
  45  4:44  Zealot  
  47  4:48  Stalker  
  49  4:59  Zealot  
  51  5:01  Stalker x2  
  51  5:02  Zealot  
  57  5:07  Zealot  
  59  5:25  Zealot x5  
  67  5:48  Stalker  
  53  6:05  Stalker x3  
  51  6:11  Photon Cannon  
  51  6:14  Photon Cannon  
  51  6:16  Photon Cannon  
  43  6:20  Stalker  
  43  6:22  Zealot x4  
  47  6:39  Stalker  
  49  6:43  Assimilator  
  49  6:51  Assimilator  
  49  6:53  Pylon  
  49  6:56  Photon Cannon  
  49  6:58  Pylon  
  47  7:04  Stalker  
  39  7:19  Stalker  
  38  7:29  Pylon  
  38  7:30  Probe x2  
  38  7:32  Pylon  
  38  7:42  Probe  
  35  7:49  Probe  
  34  7:54  Probe  
  34  7:56  Stalker  
  34  7:57  Stalker x2  
  41  8:01  Probe  
  41  8:04  Assimilator  
  42  8:06  Probe  
  43  8:13  Probe  
  43  8:15  Pylon  
  43  8:18  Pylon, Probe  
  45  8:24  Stargate  
  45  8:25  Probe  
  46  8:27  Pylon, Zealot  
  46  8:30  Probe  
  49  8:41  Photon Cannon  
  49  8:44  Pylon  
  49  8:49  Shield Battery  
  49  8:51  Shield Battery  
  49  8:53  Probe  
  50  8:56  Probe  
  51  9:05  Stalker, Probe  
  52  9:16  Stalker  
  54  9:18  Stalker  
  56  9:26  Phoenix  
  57  9:40  Stalker  
  52  9:47  Protoss Air Weapons Level 1  
  52  9:50  Shield Battery  
  52  9:56  Photon Cannon  
  52  10:04  Photon Cannon  
  52  10:06  Phoenix  
  54  10:22  Stalker  
  54  10:31  Probe  
  55  10:36  Photon Cannon  
  55  10:37  Probe  
  56  10:50  Stalker  
  56  10:51  Stalker  
  60  11:02  Stalker  
  56  11:19  Stalker x2  
  56  11:24  Phoenix  
  62  11:27  Sentry x2  
  66  11:34  Probe  
  67  11:44  Pylon  
  67  11:47  Pylon  
Tags
 
Matchup
PvZ
Opening
Pool First
Replay Pack
SC2Mai2026
Spawn Locations
Cross Positions
Add a new tag
Caveats
  • Supply blocks, unpowered buildings, or Contaminate may cause inaccurate times.
  • Supply counts are checked every 10 seconds.